[Event "ICC tourney 2308 (3 2)"]
[Site "Internet Chess Club"]
[Date "2021.01.15"]
[Round "5"]
[White "CheddarCheng1"]
[Black "muzikmixer"]
[Result "1-0"]
[ICCResult "Black resigns"]
[WhiteElo "1424"]
[BlackElo "1633"]
[Opening "Réti: Wade defense"]
[ECO "B07"]
[NIC "VO.17"]
[Time "20:59:07"]
[PlyCount "109"]
[TimeControl "180+2"]

1. e4 d6 2. Nf3 Bg4 3. d4 Nf6 4. Nc3 e6 5. h3 Bxf3 6. Qxf3 d5 7. e5 Nfd7 8.
Be2 a6 9. O-O c5 10. Be3 Nc6 11. dxc5 Ndxe5 12. Qg3 Nd7 13. Na4 Qa5 14. Nb6
Nxb6 15. cxb6 d4 16. Bf4 e5 17. Bg5 f6 18. Bh4 O-O-O 19. Bg4+ Kb8 20. Qd3
g5 21. Bg3 h5 22. Bf5 Qxb6 23. Rfd1 Nb4 24. Qc4 Qc5 25. Qe6 Qd6 26. Qf7 Qe7
27. Qc4 Qc7 28. Qe6 Bd6 29. Qxf6 Rdf8 30. Qxg5 Rhg8 31. Qxh5 Qg7 32. Be6
Rh8 33. Qf3 e4 34. Qxe4 Bxg3 35. fxg3 Qxg3 36. Qg4 Qf2+ 37. Kh2 Rhg8 38.
Bxg8 Nxc2 39. Qg3+ Qxg3+ 40. Kxg3 Nxa1 41. Bh7 Rf7 42. Bd3 Rg7+ 43. Kh2 Rf7
44. Rxa1 Rf2 45. b4 Ka7 46. a4 Kb6 47. a5+ Ka7 48. Rc1 Rd2 49. Bf1 Rf2 50.
Kg3 Rxf1 51. Rxf1 d3 52. Rd1 d2 53. Rxd2 Kb8 54. Rc2 Ka7 55. h4 { Black
resigns } 1-0

[Event "ICC tourney 2308 (3 2)"]
[Site "Internet Chess Club"]
[Date "2021.01.15"]
[Round "5"]
[White "WaSabi5829"]
[Black "mchessmaster"]
[Result "1-0"]
[ICCResult "Black forfeits on time"]
[WhiteElo "1386"]
[BlackElo "1955"]
[Opening "English: Mikenas-Carls variation"]
[ECO "A18"]
[NIC "EO.64"]
[Time "20:58:58"]
[PlyCount "81"]
[TimeControl "180+2"]

1. c4 e6 2. Nc3 Nf6 3. e4 Bb4 4. d3 O-O 5. a3 Be7 6. Nge2 b6 7. g3 Bb7 8.
Bg2 Na6 9. b4 c5 10. b5 Nc7 11. O-O e5 12. f4 d6 13. Nd5 Ncxd5 14. exd5 Qd7
15. Bb2 exf4 16. Rxf4 Rfe8 17. d4 Nh5 18. Rf3 Bf6 19. Nf4 Nxf4 20. Rxf4 Re7
21. Qf3 Bxd4+ 22. Bxd4 cxd4 23. Rxd4 Rae8 24. Rf1 Bc8 25. h3 Re3 26. Qf4
Rxa3 27. Rd2 Re7 28. Rdf2 f5 29. g4 Re5 30. gxf5 Rxf5 31. Qxf5 Qxf5 32.
Rxf5 Bxf5 33. Rxf5 Rc3 34. Rf4 Rc2 35. Bf1 g6 36. Rf3 Kg7 37. Ra3 Kh6 38.
Rxa7 Kh5 39. Rd7 Kh4 40. Rxh7+ Kg3 41. Rh6 { Black forfeits on time } 1-0

[Event "ICC tourney 2308 (3 2)"]
[Site "Internet Chess Club"]
[Date "2021.01.15"]
[Round "5"]
[White "acgc"]
[Black "ChiefDas"]
[Result "0-1"]
[ICCResult "White checkmated"]
[WhiteElo "946"]
[BlackElo "1857"]
[Opening "Sicilian: Sozin, 7.Be3"]
[ECO "B89"]
[NIC "SI.26"]
[Time "20:59:20"]
[PlyCount "124"]
[TimeControl "180+2"]

1. e4 c5 2. Nf3 d6 3. Bc4 Nf6 4. Nc3 Nc6 5. d4 cxd4 6. Nxd4 e6 7. Be3 Be7
8. Qd2 Ne5 9. Bb5+ Bd7 10. Bxd7+ Qxd7 11. O-O-O O-O 12. Ndb5 Nc4 13. Qd3 a6
14. Qxc4 axb5 15. Nxb5 Nxe4 16. Qxe4 Qxb5 17. Kb1 Qa5 18. a3 d5 19. Qd3 b5
20. Qb3 b4 21. Bd2 Rfb8 22. Qd3 Qa4 23. Qb3 Qa6 24. Qd3 bxa3 25. Qxa6 Rxb2+
26. Ka1 Rxa6 27. Bc3 Rxc2 28. Rb1 h6 29. Bb4 Bxb4 30. Rxb4 Rxf2 31. g3 Rc6
32. Rbb1 Rcc2 33. Rbf1 Rb2 34. Rxf2 Rxf2 35. h4 Kf8 36. g4 Ke7 37. g5 hxg5
38. hxg5 Kd6 39. Rb1 d4 40. Rd1 Kd5 41. Rg1 d3 42. g6 fxg6 43. Rxg6 d2 44.
Rg1 Kc4 45. Rd1 Kc3 46. Kb1 a2+ 47. Kxa2 Kc2 48. Rb1 Rf5 49. Rb2+ Kd1 50.
Rb1+ Ke2 51. Kb2 d1=Q 52. Rxd1 Kxd1 53. Kc3 Rd5 54. Kc4 Kd2 55. Kb3 Rc5 56.
Kb4 Rc8 57. Kb5 Kd3 58. Kb4 Kd4 59. Kb5 e5 60. Kb4 Rb8+ 61. Ka5 Kc4 62. Ka4
Ra8# { White checkmated } 0-1

[Event "ICC tourney 2308 (3 2)"]
[Site "Internet Chess Club"]
[Date "2021.01.15"]
[Round "5"]
[White "TjkTiger"]
[Black "MasterZachary"]
[Result "1-0"]
[ICCResult "Black resigns"]
[WhiteElo "2597"]
[BlackElo "2307"]
[Opening "English: four knights, Nimzovich variation"]
[ECO "A28"]
[NIC "EO.09"]
[Time "20:59:09"]
[PlyCount "89"]
[TimeControl "180+2"]

1. c4 e5 2. Nc3 Nf6 3. Nf3 Nc6 4. e4 Bb4 5. d3 d6 6. a3 Bc5 7. b4 Bb6 8.
Na4 Bg4 9. Nxb6 axb6 10. Bb2 Nd7 11. Be2 Bxf3 12. Bxf3 Nf8 13. Bg4 Ne6 14.
Bxe6 fxe6 15. Qh5+ g6 16. Qh6 Qf6 17. f4 Nd4 18. O-O Rf8 19. Bxd4 exd4 20.
Qxh7 O-O-O 21. Qh3 Rh8 22. Qg3 Rdf8 23. Rae1 Rh4 24. e5 Qe7 25. exd6 cxd6
26. Qxg6 e5 27. fxe5 Rxf1+ 28. Rxf1 Rh8 29. Qxd6 Qh7 30. Rf8+ Rxf8 31.
Qxf8+ Kd7 32. Qd6+ Kc8 33. Qxd4 Qh6 34. h3 b5 35. cxb5 b6 36. Qe4 Kb8 37.
Kh2 Ka7 38. e6 Qg7 39. e7 Qg8 40. Qc6 Qc8 41. Kh1 Qd8 42. Qe4 Qc7 43. Qe1
Qd7 44. e8=Q Qb7 45. Q8e7 { Black resigns } 1-0

[Event "ICC tourney 2308 (3 2)"]
[Site "Internet Chess Club"]
[Date "2021.01.15"]
[Round "5"]
[White "GrandWizard"]
[Black "sahina"]
[Result "1-0"]
[ICCResult "Black forfeits on time"]
[WhiteElo "1806"]
[BlackElo "1550"]
[Opening "Réti opening"]
[ECO "A04"]
[NIC "QP.11"]
[Time "20:59:06"]
[PlyCount "109"]
[TimeControl "180+2"]

1. Nf3 d6 2. d4 g6 3. c3 Bg7 4. Bg5 Nf6 5. Na3 O-O 6. h3 Nc6 7. Qd2 e5 8.
dxe5 Nxe5 9. Nxe5 dxe5 10. Qxd8 Rxd8 11. e3 c6 12. Bc4 h6 13. Bxf6 Bxf6 14.
Ke2 Bf5 15. g4 Be4 16. f3 Bd5 17. Rad1 Bxc4+ 18. Nxc4 b5 19. Na5 c5 20.
Rxd8+ Rxd8 21. Rd1 Rxd1 22. Kxd1 Kf8 23. Nc6 a6 24. Nb8 a5 25. Kc2 Ke8 26.
Nc6 a4 27. Na7 h5 28. Nxb5 hxg4 29. hxg4 Kd7 30. c4 Bd8 31. b3 axb3+ 32.
axb3 f6 33. Nc3 Kc6 34. Na4 f5 35. gxf5 gxf5 36. Kd3 Bg5 37. Ke2 Bh4 38. e4
f4 39. Kf1 Bd8 40. Nc3 Bc7 41. Nd5 Bd6 42. Kg2 Kb7 43. Kh3 Ka6 44. Kg4 Ka5
45. Kf5 Bb8 46. Ke6 Ka6 47. Nf6 Ka5 48. Nd7 Ba7 49. Nxe5 Kb4 50. Nc6+ Kxb3
51. Kd5 Bb6 52. e5 Kc3 53. e6 Bc7 54. e7 Kd3 55. e8=Q { Black forfeits on
time } 1-0

[Event "ICC tourney 2308 (3 2)"]
[Site "Internet Chess Club"]
[Date "2021.01.15"]
[Round "5"]
[White "PappusChain923"]
[Black "wolverine54"]
[Result "1-0"]
[ICCResult "Black checkmated"]
[WhiteElo "2147"]
[BlackElo "2327"]
[Opening "Grünfeld: exchange variation"]
[ECO "D85"]
[NIC "GI.03"]
[Time "20:59:11"]
[PlyCount "97"]
[TimeControl "180+2"]

1. d4 Nf6 2. c4 g6 3. Nc3 d5 4. cxd5 Nxd5 5. Nf3 Bg7 6. Bd2 O-O 7. Rc1 Bg4
8. e3 c5 9. Be2 cxd4 10. Nxd4 Bxe2 11. Ndxe2 Nb4 12. O-O Nd3 13. Rb1 Nc6
14. a3 Qb6 15. e4 e6 16. Be3 Qa6 17. b4 Qc4 18. Na4 Rfd8 19. Qb3 Qxe4 20.
Rbd1 b5 21. Nac3 Qc4 22. Qc2 a5 23. bxa5 b4 24. axb4 Ncxb4 25. Qd2 Rxa5 26.
Bb6 Rad5 27. Bxd8 Rxd8 28. Nb1 Rd5 29. Qe3 Bf6 30. Nd2 Qa6 31. Ne4 Bg7 32.
Nf4 Nxf4 33. Qxf4 Be5 34. Nf6+ Kg7 35. Ne8+ Kf8 36. Qxb4+ Kxe8 37. Rxd5
exd5 38. Re1 f6 39. f4 Kd7 40. fxe5 fxe5 41. Rxe5 Qa1+ 42. Re1 Qa7+ 43. Kh1
Qf2 44. Qe7+ Kc6 45. Rc1+ Kb6 46. Qc7+ Ka6 47. Rc6+ Kb5 48. Qb7+ Ka5 49.
Ra6# { Black checkmated } 1-0

[Event "ICC tourney 2308 (3 2)"]
[Site "Internet Chess Club"]
[Date "2021.01.15"]
[Round "5"]
[White "DejaVu"]
[Black "KingRayfish"]
[Result "0-1"]
[ICCResult "White checkmated"]
[WhiteElo "1850"]
[BlackElo "1469"]
[Opening "Caro-Kann: Panov-Botvinnik attack"]
[ECO "B13"]
[NIC "CK.02"]
[Time "20:59:10"]
[PlyCount "114"]
[TimeControl "180+2"]

1. e4 c6 2. d4 d5 3. exd5 cxd5 4. c4 Bf5 5. Nc3 e6 6. Nf3 Nf6 7. c5 Nc6 8.
Bb5 Qc7 9. Ne5 Be7 10. O-O O-O 11. Bxc6 bxc6 12. Qa4 Rfc8 13. Bf4 Qb7 14.
b4 Ne4 15. Rfc1 Nxc3 16. Rxc3 f6 17. Nf3 g5 18. Bg3 h5 19. h3 Kf7 20. Re1
Qd7 21. Qb3 a5 22. b5 cxb5 23. Rec1 b4 24. Re3 Qb5 25. a4 Qc6 26. Rce1 Rh8
27. h4 g4 28. Nd2 Rae8 29. Qa2 Kg7 30. Nb3 Bd8 31. Qa1 Rhf8 32. Qa2 Bg6 33.
Bd6 Rf7 34. f4 f5 35. Be5+ Kg8 36. g3 Ra7 37. Bd6 Bf7 38. Kg2 Bc7 39. Be5
Bxe5 40. Rxe5 Ree7 41. R1e2 Be8 42. Nc1 Kf7 43. Qb3 Qxa4 44. Qxa4 Bxa4 45.
Ra2 Bb5 46. Nb3 Bc4 47. Rxa5 Bxb3 48. Rb5 Ra2+ 49. Kg1 Rea7 50. Rxb4 Ra1+
51. Kf2 R7a2+ 52. Ke3 Re1+ 53. Kd3 Rd1+ 54. Kc3 Bc4 55. Rb2 Rc1+ 56. Kb4
Rxb2+ 57. Ka5 Ra1# { White checkmated } 0-1

[Event "ICC tourney 2308 (3 2)"]
[Site "Internet Chess Club"]
[Date "2021.01.15"]
[Round "5"]
[White "drberkley"]
[Black "bnielsen19"]
[Result "0-1"]
[ICCResult "White forfeits on time"]
[WhiteElo "1952"]
[BlackElo "1565"]
[Opening "Sicilian: closed"]
[ECO "B23"]
[NIC "SI.44"]
[Time "20:59:33"]
[PlyCount "72"]
[TimeControl "180+2"]

1. e4 c5 2. Nc3 e6 3. f4 a6 4. Nf3 b5 5. d4 cxd4 6. Nxd4 Qc7 7. Bd3 Bb7 8.
Be3 Bb4 9. O-O Bxc3 10. bxc3 Qxc3 11. f5 Nf6 12. Qf3 e5 13. Ne2 Qc6 14. Ng3
d5 15. exd5 Qxd5 16. Qxd5 Bxd5 17. Bc5 Nbd7 18. Bd6 e4 19. Be2 Nb6 20. Rad1
Kd7 21. Be5 Kc6 22. Bxf6 gxf6 23. Rf4 Rae8 24. Bh5 Re7 25. Ne2 Kc5 26. Nc3
Bc6 27. Rf2 b4 28. Ne2 e3 29. Rf4 Rg8 30. Bf3 Nd5 31. Rfd4 Nc3 32. Nxc3
Bxf3 33. Na4+ Kb5 34. Re1 Kxa4 35. g3 Rg4 36. Rd3 Rge4 { White forfeits on
time } 0-1

[Event "ICC tourney 2308 (3 2)"]
[Site "Internet Chess Club"]
[Date "2021.01.15"]
[Round "5"]
[White "mhebden"]
[Black "GLeschinsky"]
[Result "1-0"]
[ICCResult "Black checkmated"]
[WhiteElo "2503"]
[BlackElo "2103"]
[Opening "Queen's pawn: Chigorin variation"]
[ECO "D00"]
[NIC "QP.08"]
[Time "20:59:09"]
[PlyCount "155"]
[TimeControl "180+2"]

1. d4 d5 2. Nc3 Nf6 3. Bf4 a6 4. e3 c5 5. dxc5 Nc6 6. a3 e5 7. Bg5 Be6 8.
b4 a5 9. Bb5 Be7 10. Nf3 e4 11. Nd4 Bd7 12. Bxf6 Bxf6 13. Nxd5 O-O 14. Bxc6
Bxd4 15. Qxd4 Bxc6 16. Nb6 Qg5 17. O-O Rad8 18. Qc4 h5 19. Rad1 h4 20. h3
axb4 21. axb4 Qe7 22. b5 Bd7 23. Nxd7 Rxd7 24. Rxd7 Qxd7 25. c6 bxc6 26.
bxc6 Qd6 27. Qxe4 Rc8 28. c4 Rxc6 29. Qxh4 Qe6 30. Rc1 g6 31. c5 Qd5 32.
Qd4 Qe6 33. e4 Kh7 34. Qd5 Qc8 35. Qxf7+ Kh6 36. Qd5 Kh7 37. h4 Qc7 38. h5
gxh5 39. Qxh5+ Kg7 40. Qg5+ Kf7 41. Qd5+ Kg7 42. Rc3 Rg6 43. e5 Qa5 44.
Qd7+ Kg8 45. Qd2 Qa1+ 46. Qc1 Qa4 47. Rc4 Qc6 48. Qf1 Qd5 49. c6 Rxc6 50.
Rxc6 Qxc6 51. g3 Qd5 52. Qe2 Kg7 53. Qe3 Qc4 54. Kh2 Qf1 55. Qf4 Kg8 56.
Qf6 Qe2 57. e6 Qe4 58. e7 Qh7+ 59. Kg1 Qb1+ 60. Kh2 Qh7+ 61. Qh4 Qf7 62.
Qg4+ Kh8 63. Qc8+ Kh7 64. Qc2+ Kh8 65. Qe2 Qe8 66. Qe6 Kg7 67. f4 Kh7 68.
g4 Kg7 69. Kg3 Qa4 70. e8=Q Qa3+ 71. Qe3 Qb2 72. Q8e5+ Qxe5 73. Qxe5+ Kg6
74. f5+ Kf7 75. Qe6+ Kf8 76. Qd7 Kg8 77. f6 Kh8 78. Qg7# { Black checkmated
} 1-0

[Event "ICC tourney 2308 (3 2)"]
[Site "Internet Chess Club"]
[Date "2021.01.15"]
[Round "5"]
[White "ASharikov"]
[Black "Goran21"]
[Result "1-0"]
[ICCResult "Black checkmated"]
[WhiteElo "2281"]
[BlackElo "2008"]
[Opening "King's Indian: London system"]
[ECO "A48"]
[NIC "QP.03"]
[Time "20:59:01"]
[PlyCount "161"]
[TimeControl "180+2"]

1. d4 Nf6 2. Nf3 g6 3. Bf4 Bg7 4. e3 O-O 5. Be2 d5 6. O-O Nbd7 7. h3 c6 8.
c4 Re8 9. Nc3 Ne4 10. cxd5 Nxc3 11. bxc3 cxd5 12. c4 dxc4 13. Bxc4 Nb6 14.
Be2 Nd5 15. Be5 Nc3 16. Qd2 Nxe2+ 17. Qxe2 f6 18. Bh2 b6 19. e4 Kh8 20.
Rac1 Bb7 21. Rc7 Bc8 22. Rfc1 Be6 23. d5 Bg8 24. Nd4 e5 25. Nb5 a6 26. Na7
b5 27. Rb7 Qd6 28. Rcc7 Bh6 29. Nc6 Rac8 30. Rd7 Qf8 31. Qb2 Qc5 32. Bg3
Qc4 33. f3 Be3+ 34. Bf2 Bc1 35. Qb1 Qc3 36. Qb3 Qxb3 37. axb3 Bh6 38. Bh4
g5 39. Bf2 Bf8 40. h4 h6 41. hxg5 hxg5 42. g4 Ra8 43. Ra7 b4 44. Kf1 a5 45.
Ke2 a4 46. Rxa4 Rxa4 47. bxa4 b3 48. Kd3 Ra8 49. a5 Ra6 50. Kc3 Ra8 51.
Kxb3 Rc8 52. a6 Rxc6 53. a7 Ra6 54. Kc4 Ra2 55. Bb6 Bh7 56. Kb5 Bg6 57. Kc6
Be8 58. Kc7 Bxd7 59. Kxd7 Kg7 60. Kc6 Rc2+ 61. Kb7 Ra2 62. a8=Q Rxa8 63.
Kxa8 Kf7 64. Kb7 Bd6 65. Kc6 Bb4 66. d6 Ke6 67. d7 Be7 68. d8=Q Bxd8 69.
Bxd8 Kf7 70. Kd7 Kg6 71. Ke6 Kh6 72. Bxf6 Kh7 73. Bxg5 Kg6 74. Bf6 Kh6 75.
Bxe5 Kg6 76. f4 Kh6 77. f5 Kg5 78. f6 Kg6 79. f7 Kg5 80. f8=Q Kg6 81. Qg7#
{ Black checkmated } 1-0

[Event "ICC tourney 2308 (3 2)"]
[Site "Internet Chess Club"]
[Date "2021.01.15"]
[Round "6"]
[White "HR2005"]
[Black "Sparta250"]
[Result "0-1"]
[ICCResult "White resigns"]
[WhiteElo "2041"]
[BlackElo "2702"]
[Opening "Sicilian: Sozin, 7.Be3"]
[ECO "B89"]
[NIC "SI.26"]
[Time "21:10:26"]
[PlyCount "74"]
[TimeControl "180+2"]

1. e4 c5 2. Nf3 Nc6 3. d4 cxd4 4. Nxd4 Nf6 5. Nc3 d6 6. Bc4 e6 7. Be3 Be7
8. O-O a6 9. f4 Qc7 10. Bb3 O-O 11. Kh1 Na5 12. f5 e5 13. Nde2 Nxb3 14.
axb3 b6 15. Ng3 Bb7 16. Qd3 Rac8 17. Bg5 b5 18. Bxf6 Bxf6 19. Nh5 Bg5 20.
b4 Kh8 21. Qg3 Bh6 22. Qh4 Qc4 23. Nf6 Qxb4 24. Nfd5 Qxb2 25. f6 Rxc3 26.
fxg7+ Bxg7 27. Nxc3 Qxc3 28. Qe7 Bxe4 29. Rad1 Qxc2 30. Rg1 Bxg2+ 31. Rxg2
Qxd1+ 32. Rg1 Qf3+ 33. Rg2 Rc8 34. Qg5 Qf1+ 35. Rg1 Qf6 36. Qg4 Rg8 37. Qe4
Qe6 { White resigns } 0-1

[Event "ICC tourney 2308 (3 2)"]
[Site "Internet Chess Club"]
[Date "2021.01.15"]
[Round "6"]
[White "muzikmixer"]
[Black "Gnanathan"]
[Result "1-0"]
[ICCResult "Black resigns"]
[WhiteElo "1633"]
[BlackElo "1101"]
[Opening "Richter-Veresov attack"]
[ECO "D01"]
[NIC "QP.08"]
[Time "21:11:11"]
[PlyCount "27"]
[TimeControl "180+2"]

1. d4 d5 2. Nc3 Nf6 3. Bg5 c6 4. Qd2 h6 5. Bxf6 exf6 6. e4 Bb4 7. exd5 Bxc3
8. Qxc3 Qxd5 9. O-O-O O-O 10. Nf3 Qxa2 11. Bc4 Qa1+ 12. Kd2 Qa4 13. Ra1
Qxa1 14. Rxa1 { Black resigns } 1-0

[Event "ICC tourney 2308 (3 2)"]
[Site "Internet Chess Club"]
[Date "2021.01.15"]
[Round "6"]
[White "Shakhmatova"]
[Black "aberdeenace"]
[Result "1-0"]
[ICCResult "Black checkmated"]
[WhiteElo "1756"]
[BlackElo "1546"]
[Opening "Robatsch (modern) defense"]
[ECO "B06"]
[NIC "KF.06"]
[Time "21:10:41"]
[PlyCount "51"]
[TimeControl "180+2"]

1. e4 g6 2. c3 Bg7 3. Bd3 c5 4. f4 Nc6 5. Nf3 d5 6. e5 Bg4 7. h3 Bxf3 8.
Qxf3 Rb8 9. O-O d4 10. Be4 Qc7 11. Na3 f6 12. Nb5 Qd7 13. e6 Qc8 14. cxd4
a6 15. d5 axb5 16. dxc6 Qxe6 17. cxb7 Nh6 18. Re1 Nf7 19. Bc6+ Qd7 20.
Bxd7+ Kxd7 21. Qd5+ Nd6 22. Qe6+ Kc6 23. d4 Rxb7 24. dxc5 Kxc5 25. Be3+ Kc6
26. Rac1# { Black checkmated } 1-0

[Event "ICC tourney 2308 (3 2)"]
[Site "Internet Chess Club"]
[Date "2021.01.15"]
[Round "6"]
[White "Ayushb"]
[Black "yogokings12"]
[Result "0-1"]
[ICCResult "White resigns"]
[WhiteElo "1769"]
[BlackElo "1683"]
[Opening "Sicilian: dragon, 6.Be3"]
[ECO "B72"]
[NIC "SI.16"]
[Time "21:10:37"]
[PlyCount "48"]
[TimeControl "180+2"]

1. e4 c5 2. Nf3 d6 3. d4 cxd4 4. Nxd4 Nf6 5. Nc3 g6 6. Be3 Bg7 7. g3 Ng4 8.
Qd2 Nxe3 9. Qxe3 Nc6 10. Nxc6 bxc6 11. Bc4 O-O 12. O-O Rb8 13. Bb3 a5 14.
a4 Bh3 15. Rfe1 e6 16. Rad1 d5 17. exd5 cxd5 18. Nb5 Qf6 19. c3 Bg4 20. Rd2
h5 21. h4 Kh7 22. Qd4 Qe7 23. Qd3 Bf5 24. Qxd5 Rfd8 { White resigns } 0-1

[Event "ICC tourney 2308 (3 2)"]
[Site "Internet Chess Club"]
[Date "2021.01.15"]
[Round "6"]
[White "GLeschinsky"]
[Black "Goran21"]
[Result "0-1"]
[ICCResult "White checkmated"]
[WhiteElo "2103"]
[BlackElo "2008"]
[Opening "King's Indian: Sämisch, Panno main line"]
[ECO "E84"]
[NIC "KI.35"]
[Time "21:10:33"]
[PlyCount "82"]
[TimeControl "180+2"]

1. d4 Nf6 2. c4 g6 3. Nc3 Bg7 4. e4 d6 5. f3 O-O 6. Nge2 Nc6 7. Be3 a6 8.
Qd2 Rb8 9. Rc1 e5 10. d5 Ne7 11. b4 Nd7 12. Ng3 f5 13. exf5 gxf5 14. Nh5 f4
15. Bf2 Nf5 16. Bd3 Nf6 17. Nxf6+ Qxf6 18. O-O Kh8 19. Ne4 Qh6 20. c5 Rg8
21. cxd6 cxd6 22. Rfe1 Bf8 23. Bf1 Nh4 24. Bxh4 Qxh4 25. Qf2 Qh6 26. Rc7
Bf5 27. Bd3 Rg6 28. Rec1 Qh5 29. Rf7 Rh6 30. Rxf5 Qxf5 31. Nxd6 Qxd3 32.
Nf7+ Kg7 33. Nxh6 Kxh6 34. Qh4+ Kg7 35. Rc7+ Kg8 36. Qg5+ Qg6 37. Qxe5 Bd6
38. Rg7+ Qxg7 39. Qxd6 Re8 40. Qxf4 Qa1+ 41. Kf2 Qe1# { White checkmated }
0-1

[Event "ICC tourney 2308 (3 2)"]
[Site "Internet Chess Club"]
[Date "2021.01.15"]
[Round "6"]
[White "kittypuppy"]
[Black "PearsonH"]
[Result "0-1"]
[ICCResult "White checkmated"]
[WhiteElo "1058"]
[BlackElo "1752"]
[Opening "QGD: classical variation (5.Bf4)"]
[ECO "D37"]
[NIC "QO.04"]
[Time "21:10:49"]
[PlyCount "60"]
[TimeControl "180+2"]

1. d4 e6 2. c4 d5 3. Nc3 Nf6 4. Nf3 Be7 5. Bf4 O-O 6. e3 a6 7. Bd3 dxc4 8.
Bxc4 b5 9. Bd3 Bb7 10. O-O c5 11. dxc5 Bxc5 12. Qe2 Qe7 13. a3 Nc6 14. b4
Bb6 15. Bg5 h6 16. Bxf6 Qxf6 17. Ne4 Qe7 18. Qb2 Rfd8 19. Bc2 Rac8 20. Rac1
Rd7 21. Ne5 Nxe5 22. Qxe5 Rdc7 23. Qb2 Rc4 24. Nd2 Qg5 25. g3 Qd5 26. f3
Bxe3+ 27. Kh1 Bxd2 28. Be4 Rxe4 29. fxe4 Qxe4+ 30. Kg1 Qg2# { White
checkmated } 0-1

[Event "ICC tourney 2308 (3 2)"]
[Site "Internet Chess Club"]
[Date "2021.01.15"]
[Round "6"]
[White "wolverine54"]
[Black "funpawn"]
[Result "1-0"]
[ICCResult "Black checkmated"]
[WhiteElo "2327"]
[BlackElo "1794"]
[Opening "Vienna gambit, Wurzburger trap"]
[ECO "C29"]
[NIC "VG.03"]
[Time "21:10:29"]
[PlyCount "39"]
[TimeControl "180+2"]

1. e4 e5 2. Nc3 Nf6 3. f4 d5 4. fxe5 Nxe4 5. d3 Qh4+ 6. g3 Nxg3 7. Nf3 Qh5
8. Nxd5 Nxh1 9. Nxc7+ Kd8 10. Nxa8 Bg4 11. Bg2 Bxf3 12. Qxf3 Qxe5+ 13. Kf1
Bc5 14. Bf4 Qxb2 15. Re1 Nc6 16. Qd5+ Kc8 17. Qxc5 g6 18. Bxc6 Qf6 19. Bd7+
Kxd7 20. Qc7# { Black checkmated } 1-0

[Event "ICC tourney 2308 (3 2)"]
[Site "Internet Chess Club"]
[Date "2021.01.15"]
[Round "6"]
[White "baldwinsthename"]
[Black "sahina"]
[Result "1-0"]
[ICCResult "Black resigns"]
[WhiteElo "1272"]
[BlackElo "1550"]
[Opening "English opening"]
[ECO "A17"]
[NIC "EO.64"]
[Time "21:10:40"]
[PlyCount "59"]
[TimeControl "180+2"]

1. c4 Nf6 2. Nc3 e6 3. d3 g6 4. e4 c5 5. Be3 Bg7 6. Bxc5 d6 7. Be3 O-O 8.
Qd2 Ng4 9. h3 Nxe3 10. Qxe3 Nc6 11. Nge2 e5 12. f4 a6 13. Nd5 Be6 14. Nec3
exf4 15. Nxf4 Re8 16. O-O-O Bxc3 17. bxc3 Qa5 18. Qd2 Bd7 19. Qb2 Ne5 20.
g4 b5 21. Nd5 bxc4 22. Nf6+ Kg7 23. Nxe8+ Bxe8 24. dxc4 Nxc4 25. Bxc4 Rc8
26. Kc2 Ba4+ 27. Bb3 Rc4 28. Rd5 Qb4 29. Rhd1 Rxe4 30. cxb4+ { Black
resigns } 1-0

[Event "ICC tourney 2308 (3 2)"]
[Site "Internet Chess Club"]
[Date "2021.01.15"]
[Round "6"]
[White "Retrospective"]
[Black "TjkTiger"]
[Result "1/2-1/2"]
[ICCResult "Game drawn by mutual agreement"]
[WhiteElo "2668"]
[BlackElo "2597"]
[Opening "Sicilian: closed"]
[ECO "B23"]
[NIC "SI.44"]
[Time "21:10:28"]
[PlyCount "83"]
[TimeControl "180+2"]

1. e4 c5 2. Nc3 g6 3. d4 cxd4 4. Qxd4 Nf6 5. Nf3 Nc6 6. Qa4 d6 7. e5 dxe5
8. Nxe5 Bd7 9. Nxd7 Nxd7 10. Be3 Bg7 11. Rd1 Bxc3+ 12. bxc3 Qc7 13. Be2 O-O
14. O-O Nb6 15. Qh4 Qe5 16. Bf3 Qxc3 17. Bxc6 Qxc6 18. Qxe7 Nd5 19. Rxd5
Qxd5 20. Qf6 Qe6 21. Qb2 f6 22. h4 b6 23. Re1 Rae8 24. a4 Qc4 25. a5 bxa5
26. Ra1 Rxe3 27. fxe3 Qxh4 28. Qa2+ Rf7 29. Qxa5 Qe4 30. Qc5 Qe7 31. Qd4
Qd7 32. c4 Qc6 33. Qd5 Qxd5 34. cxd5 Rd7 35. e4 f5 36. exf5 gxf5 37. Kf2
Kf7 38. Kf3 Rxd5 39. Rxa7+ Kg6 40. Ra8 Rd3+ 41. Kf4 Rd4+ 42. Kf3 { Game
drawn by mutual agreement } 1/2-1/2

[Event "ICC tourney 2308 (3 2)"]
[Site "Internet Chess Club"]
[Date "2021.01.15"]
[Round "6"]
[White "spideydavey"]
[Black "pracheth18"]
[Result "0-1"]
[ICCResult "White resigns"]
[WhiteElo "1802"]
[BlackElo "1733"]
[Opening "Sicilian: Smith-Morra gambit"]
[ECO "B21"]
[NIC "SI.48"]
[Time "21:10:41"]
[PlyCount "42"]
[TimeControl "180+2"]

1. e4 c5 2. d4 cxd4 3. c3 dxc3 4. Nxc3 Nc6 5. Nf3 e6 6. Bc4 Bb4 7. O-O Nge7
8. Nb5 a6 9. Qa4 axb5 10. Qxa8 bxc4 11. a3 Bc5 12. Bg5 f6 13. Bd2 Nd4 14.
Nxd4 Bxd4 15. Bc3 Bxc3 16. bxc3 O-O 17. Rab1 f5 18. exf5 Nxf5 19. Rfe1 Qf6
20. Qa4 Qxc3 21. Rbc1 Qb3 { White resigns } 0-1

[Event "ICC tourney 2308 (3 2)"]
[Site "Internet Chess Club"]
[Date "2021.01.15"]
[Round "6"]
[White "Dlugy"]
[Black "coolsportsguy"]
[Result "1-0"]
[ICCResult "Black resigns"]
[WhiteElo "2607"]
[BlackElo "2330"]
[Opening "Queen's pawn, Mason variation, Steinitz counter-gambit"]
[ECO "D00"]
[NIC "QP.08"]
[Time "21:10:44"]
[PlyCount "47"]
[TimeControl "180+2"]

1. d4 d5 2. Bf4 c5 3. Nc3 Nc6 4. e4 dxe4 5. d5 e5 6. Bg3 Nd4 7. Bxe5 Nf6 8.
Bxd4 cxd4 9. Qxd4 Bd6 10. Bb5+ Bd7 11. Bxd7+ Qxd7 12. Nxe4 O-O 13. Nxf6+
gxf6 14. O-O-O Be5 15. Qd3 Rac8 16. Nf3 Bf4+ 17. Kb1 b5 18. Rhe1 Rc4 19.
Re4 Rfc8 20. Rxc4 bxc4 21. Qe4 Bd6 22. Nd4 Re8 23. Qf5 Be5 24. Qxd7 { Black
resigns } 1-0

[Event "ICC tourney 2308 (3 2)"]
[Site "Internet Chess Club"]
[Date "2021.01.15"]
[Round "6"]
[White "hackerguru"]
[Black "BrodskyUTD"]
[Result "0-1"]
[ICCResult "White resigns"]
[WhiteElo "1750"]
[BlackElo "2564"]
[Opening "English: Bremen, reverse dragon"]
[ECO "A22"]
[NIC "EO.10"]
[Time "21:10:30"]
[PlyCount "56"]
[TimeControl "180+2"]

1. c4 Nf6 2. Nc3 e5 3. g3 d5 4. cxd5 Nxd5 5. Bg2 Nxc3 6. bxc3 Nc6 7. Rb1
Bc5 8. Nf3 O-O 9. O-O e4 10. Nd4 Nxd4 11. cxd4 Qxd4 12. Bb2 Qd6 13. Qc2 Bf5
14. Qc3 f6 15. Qc4+ Kh8 16. Rbc1 Bb6 17. Bxe4 Bxe4 18. Qxe4 Qxd2 19. Ba3
Rfe8 20. Qxb7 Qxe2 21. Bc5 Rab8 22. Qc6 Qxa2 23. Bxb6 cxb6 24. Ra1 Qf7 25.
Rfd1 Rbd8 26. Rdc1 h6 27. Qc7 Rd1+ 28. Kg2 Qxc7 { White resigns } 0-1

[Event "ICC tourney 2308 (3 2)"]
[Site "Internet Chess Club"]
[Date "2021.01.15"]
[Round "6"]
[White "stephenwilly"]
[Black "Ben2008"]
[Result "1-0"]
[ICCResult "Black resigns"]
[WhiteElo "1460"]
[BlackElo "1900"]
[Opening "Sicilian: Alapin's variation (2.c3)"]
[ECO "B22"]
[NIC "SI.46"]
[Time "21:10:34"]
[PlyCount "79"]
[TimeControl "180+2"]

1. e4 c5 2. c3 d6 3. d4 cxd4 4. cxd4 e6 5. Nc3 Nf6 6. Nf3 Nc6 7. Bb5 Bd7 8.
Bf4 Be7 9. O-O a6 10. Bc4 O-O 11. Re1 b5 12. Bd3 Rc8 13. d5 Nb4 14. Bb1
exd5 15. exd5 a5 16. a3 Na6 17. Qe2 Re8 18. Qd3 Nc5 19. Qc2 b4 20. Bg5 g6
21. axb4 axb4 22. Ne2 Bf5 23. Qd1 Nfe4 24. Bxe7 Rxe7 25. Ned4 Bg4 26. Nc6
Rxc6 27. dxc6 Qc7 28. Bxe4 Nxe4 29. Ra8+ Kg7 30. h3 Bxf3 31. gxf3 Ng5 32.
Qd4+ f6 33. Rxe7+ Qxe7 34. Ra7 Nxf3+ 35. Kg2 Nxd4 36. Rxe7+ Kf8 37. c7 Kxe7
38. c8=Q Ne6 39. Qb7+ Kf8 40. Qxb4 { Black resigns } 1-0